 Dungeon Crawl Stone Soup version 0.27-a0-101-g3cb999cee2 (webtiles) character file.

Game seed: 14968678378569653762

63 lunkers the Chiller (level 3, -1/24 HPs)
             Began as a Vampire Ice Elementalist on Jan 21, 2021.
             Slain by a sky beast (3 damage)
             ... on level 2 of the Dungeon.
             The game lasted 00:02:44 (1540 turns).

lunkers the Chiller (Vampire Ice Elementalist)      Turns: 1540, Time: 00:02:45

Health: -1/24      AC:  2    Str:  7    XL:     3   Next: 87%
Magic:  0/7        EV: 12    Int: 18    God:
Gold:   110        SH:  0    Dex: 14    Spells: 3/7 levels left

rFire    . . .     SeeInvis +   e - +0 dagger
rCold    . . .     Faith    .   (no shield)
rNeg     . . .     Spirit   .   a - +0 robe
rPois    .         Reflect  .   (no helmet)
rElec    .         Harm     .   (no cloak)
rCorr    .         Rampage  .   (no gloves)
Will     .....                  (no boots)
Stlth    ++........             (no amulet)
HPRegen  0.28/turn              (no ring)
MPRegen  0.10/turn              (no ring)

@: frozen ramparts, regenerating quickly
A: fangs 3, see invisible, unbreathing
a: Exsanguinate


You were on level 2 of the Dungeon.
You visited 1 branch of the dungeon, and saw 2 of its levels.

You collected 110 gold pieces.

Inventory:

Hand Weapons
 e - a +0 dagger (weapon)
Missiles
 f - 2 atropa-tipped darts
Armour
 a - a +0 robe (worn)
Scrolls
 b - a scroll of noise {unknown}
 c - 3 scrolls of identify {unknown}
Potions
 d - a potion of degeneration {unknown}
 g - a potion of heal wounds {unknown}


   Skills:
 - Level 2.1 Dodging
 - Level 3.0 Stealth
 + Level 2.7 Spellcasting
 * Level 5.1 Ice Magic


You had 3 spell levels left.
You knew the following spells:

 Your Spells              Type           Power        Failure   Level
a - Freeze                Ice            80%          1%          1
b - Frozen Ramparts       Ice            40%          6%          3

Your spell library contained the following spells:

 Spells                   Type           Power        Failure   Level
 Ozocubu's Armour         Ice            20%          6%          3
 Hailstorm                Conj/Ice       11%          50%         4
 Summon Ice Beast         Ice/Summ       11%          50%         4


Dungeon Overview and Level Annotations

Branches:
Dungeon (2/15)

Altars:


Innate Abilities, Weirdness & Mutations

Your natural rate of healing is unusually fast.
You have razor-sharp teeth.
You have supernaturally acute eyesight. (SInv)
You can survive without breathing.


Message History

The walls around you are covered in ice.
* * * LOW MAGIC WARNING * * *
The wall freezes the sky beast.
Casting: Frozen Ramparts (quite dangerous; 6% risk of failure)
Confirm with . or Enter, or press ? or * to list all spells.
Aiming: Freeze (safe; 1% risk of failure)
Press: ? - help, Shift-Dir - straight line, f - sky beast
Aim: a sky beast (heavily wounded)
You freeze the sky beast.
The sky beast is severely wounded.
* * * LOW MAGIC WARNING * * *
The wall freezes the sky beast.
The sky beast hits you.
* * * LOW HITPOINT WARNING * * *
The sky beast shocks you.
* * * LOW HITPOINT WARNING * * *
Unknown command.
You hit the sky beast but do no damage.
The sky beast is almost dead.
The wall freezes the sky beast.
The sky beast hits you.
You die...

#..........####.##.## #
##.......#.###..##.# ##
........#[.........# ##.
#...........######## #..
#.####÷..........# ##.# ##
#............# #..#
...###........†...# #.##
........##Y#[.....# ####.#
##......##@##########....#
.......#.....## #..#####
#####.........## #.≈.≈≈.≈
#...........# ###.......
#..#.........###...≈≈≈≈≈≈
#.##.............#.≈.≈≈≈≈
#.. #...>.....#####...≈≈≈≈
#. #......†..## ##^≈≈≈≈.
#..........#####).≈≈≈≈


You could see a sky beast.

Vanquished Creatures
  3 adders (D:2)
  An ooze (D:2)
  A worm (D:2)
  A dart slug (D:1)
  A leopard gecko (D:2)
  5 bats
  A giant cockroach (D:2)
  4 hobgoblins
  3 kobolds (D:1)
  A quokka (D:2)
  3 frilled lizards
  2 goblins (D:1)
  5 rats
31 creatures vanquished.

Notes
Turn   | Place    | Note
-------+----------+-------------------------------------------
     0 | D:1      | lunkers the Vampire Ice Elementalist began the quest for
                  | the Orb.
     0 | D:1      | Reached XP level 1. HP: 13/13 MP: 3/3
   371 | D:1      | Reached XP level 2. HP: 16/19 MP: 0/5
  1129 | D:2      | Reached XP level 3. HP: 24/24 MP: 4/6
  1314 | D:2      | Found a faded altar of an unknown god.
  1319 | D:2      | Learned a level 3 spell: Frozen Ramparts
  1327 | D:2      | Reached skill level 5 in Ice Magic
  1492 | D:2      | Noticed a sky beast
  1501 | D:2      | HP: 1/24 [sky beast (5)]
  1540 | D:2      | Slain by a sky beast

Illustrated notes

Levels and vault maps discovered:
D:1:      minmay_arrival_nine_rooms, layout_loops_ring
D:2:      layout_rooms, chequers_ecumenical_altar_island

Skill      XL: |  1  2  3 |
---------------+----------+-----
Ice Magic      | 5 |  5.1
Dodging        | |  2.1
Stealth        | |  3.0
Spellcasting   | |  2.7

Action                   || total
-------------------------++-------
Melee: Unarmed           ||     4
       Dagger            ||     6
       Bite              ||     1
 Cast: Freeze            ||    56
       Frozen Ramparts   ||     1
Armor: Robe              ||     4
Dodge: Dodged            ||    30

Table legend: (Time is in decaauts)
 A = Elapsed time spent in this place.
 B = Non-inter-level travel time spent in this place.
 C = Inter-level travel time spent in this place.
 D = Time resting spent in this place.
 E = Time spent auto-exploring this place.
 F = Levels seen in this place.
 G = Mean time per level.
                   A        B        C        D        E       F      G
               +--------+--------+--------+--------+--------+-----+--------+
         Total |   1544 |   1491 |     53 |     73 |   1113 |   2 |  772.0 |
       Dungeon |   1544 |   1491 |     53 |     73 |   1113 |   2 |  772.0 |
               +--------+--------+--------+--------+--------+-----+--------+

Top non-repeatable levels by time:
     D:1: 1034 daAuts
     D:2: 510 daAuts
